 Dungeon Crawl Stone Soup version 0.26-a0-812-g31a745ddcd (webtiles) character file.

Game seed: 4917775758309409935

16630 kae the Grappler (level 12, -6/102 HPs)
             Began as a Yellow Draconian Transmuter on Dec 2, 2020.
             Was a Priest of Ru.
             Mangled by a 13-headed hydra (11 damage)
             ... on level 12 of the Dungeon.
             The game lasted 00:12:08 (16257 turns).

kae the Grappler (Yellow Draconian Transmuter)     Turns: 16257, Time: 00:12:08

Health: -6/102     AC: 17    Str: 17    XL:     12   Next: 11%
Magic:  23/23      EV: 15    Int: 21    God:    Ru [***...]
Gold:   1259       SH:  0    Dex: 11    Spells: 12/25 levels left

rFire    . . .     SeeInvis .     - Unarmed
rCold    . . .     Faith    .   (shield currently unavailable)
rNeg     . . .     Spirit   .   (armour unavailable)
rPois    .         Reflect  .   (helmet restricted)
rElec    .         Harm     .   l - +2 cloak
rCorr    +         Rampage  .   (gloves currently unavailable)
MR       .....                  e - +1 pair of boots
Stlth    +.........             E - amulet of magic regeneration
HPRegen  0.27/turn              m - +4 ring of protection
MPRegen  0.43/turn              v - +6 ring of intelligence

@: blade hands, no potions
A: spit acid, unfitting armour, cold-blooded, inability to drink while
threatened, inability to use devices, acid resistance, AC +8
a: Breathe Acid, End Transformation, Draw Out Power, Renounce Religion


You were on level 12 of the Dungeon.
You worshipped Ru.
Ru was most pleased with you.
You had blades for hands.
You visited 2 branches of the dungeon, and saw 13 of its levels.
You also visited: Bailey.

You collected 1287 gold pieces.
You spent 28 gold pieces at shops.

Inventory:

Armour
 e - a +1 pair of boots (worn)
 l - a +2 cloak (worn)
Jewellery
 m - a +4 ring of protection (left scythe-like blade)
 o - an uncursed amulet of the acrobat
 u - an uncursed amulet of the acrobat
 v - a +6 ring of intelligence (right scythe-like blade)
 D - an uncursed ring of wizardry {unknown}
 E - an amulet of magic regeneration (around neck)
Wands
 r - a wand of polymorph (25)
 s - a wand of digging (10)
 t - a wand of disintegration (11)
 z - a wand of flame (28)
Scrolls
 d - 5 scrolls of remove curse
 f - 5 scrolls of noise
 h - 5 scrolls of fog
 p - 2 scrolls of teleportation
 y - 4 scrolls of fear
 A - 2 scrolls of enchant weapon
 B - a scroll of enchant armour
 F - 2 scrolls of identify
Potions
 a - 2 potions of might
 b - 18 potions of curing
 c - a potion of magic
 g - a potion of brilliance
 i - 4 potions of invisibility
 j - a potion of mutation
 k - a potion of heal wounds
 n - 2 potions of cancellation
 q - a potion of resistance
 w - a potion of degeneration
 x - 2 potions of berserk rage
 C - 4 potions of flight
 G - a potion of attraction {unknown}


   Skills:
 + Level 8.2 Fighting
 + Level 7.1 Dodging
 * Level 11.0 Unarmed Combat
 + Level 7.3 Spellcasting
 * Level 10.8 Transmutations
 - Level 2.0 Poison Magic


You had 12 spell levels left.
You knew the following spells:

 Your Spells              Type           Power        Failure   Level
a - Beastly Appendage     Tmut           ######       7%          1
b - Spider Form           Tmut/Pois      ####......   21%         3
c - Blade Hands           Tmut           ######....   24%         5
d - Ice Form              Ice/Tmut       ####....     45%         4

Your spell library contained the following spells:

 Spells                   Type           Power        Failure   Level
 Wereblood                Tmut           ######..     8%          2
 Magic Dart               Conj           #...         43%         1
 Searing Ray              Conj           #.....       52%         2
 Fulminant Prism          Conj/Hex       #.........   93%         4


Dungeon Overview and Level Annotations

Branches:
Dungeon (12/15)            Temple (1/1) D:4            Lair (0/6) D:11
    Orc (0/2) D:11         Bailey (visited)

Altars:
Ashenzari
Cheibriados
Dithmenos
Elyvilon
Fedhas
Gozag
Hepliaklqana
Kikubaaqudgha
Makhleb
Nemelex Xobeh
Okawaru
Qazlal
Ru
Sif Muna
Trog
Uskayaw
Vehumet
Wu Jian
Xom
Yredelemnul
Zin
The Shining One
Beogh

Shops:
D:5 ?

Annotations:
D:5 3 runed translucent doors, night's ghost, novice DrTm


Innate Abilities, Weirdness & Mutations

You can spit globs of acid.
Your golden yellow scales are hard. (AC +8)
You cannot fit into any form of body armour.
You are cold-blooded and may be slowed by cold attacks.
You cannot drink potions while threatened.
You cannot study or use magical devices.
You are resistant to acid. (rCorr)


Message History

The 12-headed hydra bites you but does no damage.
The 12-headed hydra bites you.
* * * LOW HITPOINT WARNING * * *
The 12-headed hydra bites you but does no damage.
A bullfrog comes into view.
The bullfrog croaks.
You hack one of the 12-headed hydra's heads off!
The 11-headed hydra grows two more!
You slash the 13-headed hydra! You tail-slap the 13-headed hydra.
The 13-headed hydra is heavily wounded.
The adder misses you.
You redirect the phantom's attack!
The 13-headed hydra closely misses you. The 13-headed hydra bites you!
* * * LOW HITPOINT WARNING * * *
The 13-headed hydra bites you.
* * * LOW HITPOINT WARNING * * *
The 13-headed hydra barely misses you. The 13-headed hydra closely misses you.
The 13-headed hydra barely misses you. The 13-headed hydra misses you.
The 13-headed hydra bites you!
You die...

...............##
..............##
#...........##
#.........##
##.......## .
##.......##
...#.......##
......WS†.##
.......@†##
......D.##
.F..y..## ......#
.....# ....# ...#
..#


You could see a 13-headed hydra, a phantom, a bullfrog, a killer bee and an
adder.

Vanquished Creatures
  A boulder beetle (D:11)
  A two-headed ogre (D:12)
  An unseen horror (D:10)
  2 orc knights (Bailey)
  2 manticores (D:11)
  2 ugly things
  A cyclops (D:11)
  Joseph (D:7)
  Psyche (D:8)
  Maggie (D:6)
  A gargoyle (D:12)
  2 trolls (D:9)
  Prince Ribbit (D:6)
  A wyvern (D:11)
  A basilisk (D:11)
  A wraith (D:10)
  10 yaks
  3 wargs (D:11)
  A soldier ant (D:11)
  An acid dragon (D:9)
  Duvessa (D:6)
  6 water moccasins
  14 orc warriors
  3 sky beasts
  6 phantoms
  3 ice beasts
  A necrophage (D:11)
  8 ogres
  3 black bears
  A centaur (D:10)
  A big kobold (D:11)
  9 bullfrogs
  A gnoll sergeant (D:6)
  Dowan (D:6)
  2 scorpions
  9 killer bees
  13 wights
  3 electric eels
  5 howler monkeys
  3 bullfrog zombies
  2 jellies
  5 hounds
  2 bullfrog skeletons
  9 orc priests
  Crazy Yiuf (D:2)
  5 orc wizards
  Natasha (thrice) (D:2)
  4 iguanas
  6 worker ants
  2 killer bee zombies (D:8)
  3 hound skeletons
  A howler monkey zombie (D:11)
  A worker ant zombie (D:2)
  14 gnolls
  12 adders
  2 shadow imps
  4 white imps
  An ufetubus (D:6)
  2 oozes (D:4)
  An adder zombie (D:6)
  2 adder skeletons
  2 worms (D:2)
  A dart slug (D:1)
  3 leopard geckos
  43 orcs
  3 ball pythons
  9 giant cockroaches
  7 goblins
  5 hobgoblins
  23 jackals
  27 kobolds
  8 quokkas
  7 bats
  2 frilled lizards
  2 leopard gecko skeletons
  A quokka zombie (D:5)
  4 rats
357 creatures vanquished.

Vanquished Creatures (others)
  A bullfrog (D:8)
  An orc wizard (D:11)
  A worker ant (D:12)
  An orc (D:6)
  55 fungi
  40 plants (D:11)
99 creatures vanquished.

Grand Total: 456 creatures vanquished

Notes
Turn   | Place    | Note
-------+----------+-------------------------------------------
     0 | D:1      | kae the Draconian Transmuter began the quest for the Orb.
     0 | D:1      | Reached XP level 1. HP: 16/16 MP: 3/3
    66 | D:1      | Reached XP level 2. HP: 21/23 MP: 5/5
   604 | D:1      | Reached XP level 3. HP: 27/28 MP: 4/6
   609 | D:1      | Learned a level 3 spell: Spider Form
  1706 | D:2      | Reached XP level 4. HP: 32/36 MP: 3/7
  1891 | D:2      | Reached skill level 1 in Poison Magic
  1958 | D:2      | Noticed Natasha
  1967 | D:2      | Killed Natasha
  2065 | D:2      | Reached XP level 5. HP: 40/41 MP: 6/8
  2116 | D:2      | Reached skill level 4 in Unarmed Combat
  2235 | D:2      | Noticed Natasha
  2243 | D:2      | Killed Natasha
  2589 | D:2      | Found a sacrificial altar of Ru.
  2589 | D:2      | Found a burning altar of Makhleb.
  2655 | D:2      | Noticed Natasha
  2662 | D:2      | Killed Natasha
  2874 | D:2      | Found a runed translucent door.
  2875 | D:2      | Noticed Crazy Yiuf
  2885 | D:2      | Killed Crazy Yiuf
  3223 | D:3      | You fall into a shaft and drop 2 floors!
  3223 | D:5      | Entered Level 5 of the Dungeon
  3230 | D:5      | Reached XP level 6. HP: 48/49 MP: 8/10
  3247 | D:5      | Noticed a water moccasin
  3260 | D:5      | Killed a water moccasin
  3648 | D:5      | Noticed an ice beast
  3744 | D:4      | Found a staircase to the Ecumenical Temple.
  3866 | D:4      | Your scales start taking on a golden yellow colour.
  3866 | D:4      | Reached XP level 7. HP: 28/56 MP: 6/11
  3866 | D:4      | Gained mutation: You are resistant to acid. (rCorr) [Yellow
                  | Draconian growth]
  4081 | Temple   | Entered the Ecumenical Temple
  4436 | D:2      | Became a worshipper of Ru the Awakened
  4521 | D:3      | Reached skill level 5 in Unarmed Combat
  5881 | D:4      | Found a bloodstained altar of Trog.
  6091 | D:4      | Reached skill level 5 in Transmutations
  6250 | D:4      | Reached XP level 8. HP: 56/64 MP: 10/13
  6570 | D:4      | Gained mutation: You cannot drink potions while threatened.
                  | [Ru sacrifice]
  6570 | D:4      | Reached * piety under Ru
  6950 | D:5      | Found a runed translucent gate.
  6951 | D:5      | Found a runed translucent gate.
  6952 | D:5      | Found a runed translucent gate.
  6953 | D:5      | Noticed night's ghost (novice DrTm)
  7042 | D:5      | Reached skill level 6 in Unarmed Combat
  7360 | D:5      | Found Sunte's Magic Scroll Shop.
  7376 | D:5      | Bought a scroll of identify for 28 gold pieces
  7803 | D:6      | Noticed Prince Ribbit
  7815 | D:6      | Killed Prince Ribbit
  8010 | D:6      | Learned a level 5 spell: Blade Hands
  8015 | D:6      | Learned a level 4 spell: Ice Form
  8116 | D:6      | Noticed Duvessa
  8117 | D:6      | Noticed Dowan
  8127 | D:6      | Killed Duvessa
  8133 | D:6      | Killed Dowan
  8133 | D:6      | Reached XP level 9. HP: 63/72 MP: 12/15
  8166 | D:6      | Reached skill level 7 in Unarmed Combat
  8404 | D:6      | Found a glowing golden altar of the Shining One.
  8486 | D:6      | Noticed Maggie
  8494 | D:6      | Killed Maggie
  8494 | D:6      | Reached skill level 5 in Fighting
  9124 | D:7      | Reached skill level 5 in Spellcasting
  9479 | D:7      | Found a flagged portal.
  9499 | Bailey   | Entered a bailey
  9558 | Bailey   | Noticed an orc knight
  9560 | Bailey   | Noticed an orc knight
  9882 | Bailey   | Killed an orc knight
  9882 | Bailey   | Reached skill level 5 in Dodging
  9882 | Bailey   | Reached skill level 8 in Unarmed Combat
 10035 | Bailey   | Reached XP level 10. HP: 10/83 MP: 9/18
 10323 | Bailey   | Killed an orc knight
 10600 | D:7      | Noticed Joseph
 10612 | D:7      | Killed Joseph
 10922 | D:7      | Found a glowing silver altar of Zin.
 11242 | D:8      | Noticed Psyche
 11253 | D:8      | Killed Psyche
 11565 | D:8      | Reached skill level 9 in Unarmed Combat
 11755 | D:8      | Identified the Grimoire of Conjuration
 12093 | D:8      | Found a roughly hewn altar of Beogh.
 13230 | D:10     | Entered Level 10 of the Dungeon
 13313 | D:10     | Reached XP level 11. HP: 90/91 MP: 15/20
 13496 | D:10     | Killed an unseen horror
 14162 | D:11     | Reached skill level 10 in Unarmed Combat
 14348 | D:11     | Found a staircase to the Lair.
 14349 | D:11     | Noticed a purple ugly thing
 14357 | D:11     | Killed a purple ugly thing
 14445 | D:11     | Reached skill level 10 in Transmutations
 14793 | D:11     | Gained mutation: You cannot study or use magical devices.
                  | [Ru sacrifice]
 14793 | D:11     | Reached ** piety under Ru
 14793 | D:11     | Reached *** piety under Ru
 14827 | D:11     | Noticed a boulder beetle
 14866 | D:11     | Killed a boulder beetle
 15184 | D:11     | Paralysed by an orc for 6 turns
 15197 | D:11     | Paralysed by an orc for 2 turns
 15622 | D:11     | Found a staircase to the Orcish Mines.
 15869 | D:12     | Noticed a white ugly thing
 15877 | D:12     | Killed a white ugly thing
 15877 | D:12     | Reached XP level 12. HP: 88/101 MP: 18/22
 15992 | D:12     | Noticed a two-headed ogre
 15999 | D:12     | Killed a two-headed ogre
 15999 | D:12     | Reached skill level 11 in Unarmed Combat
 16246 | D:12     | Noticed a seven-headed hydra
 16257 | D:12     | HP: 5/102 [13-headed hydra (2)]
 16257 | D:12     | Mangled by a 13-headed hydra

Illustrated notes

Levels and vault maps discovered:
D:1:      psy_arrival_conway, layout_basic
D:2:      layout_basic, gammafunk_temple_overflow_pools,
          uniq_crazy_yiuf_cottage, uniq_natasha
D:3:      layout_basic, small_statue_intersection,
          chequers_serial_rivers_room_b, chequers_mini_garden
D:4:      layout_basic, minmay_temple_entry_enclosed_plants,
          trog_three_pillars_becter
D:5:      layout_loops_ring, serial_shops, shop_coins,
          gammafunk_ghost_necromancy, grunt_ministairs_15
D:6:      layout_cave_pools, nicolae_tso_carved_into_rock, serial_column_ruins,
          column_ruins_open_small, column_ruins_corridor_T,
          column_ruins_open_medium, column_ruins_columns_straight,
          column_ruins_grid_4, kennysheep_crisscross, uniq_prince_ribbit1,
          uniq_duvessa, uniq_maggie
D:7:      layout_loops_corners, kennysheep_mini_moat, enter_bailey_2,
          kennysheep_path_1, uniq_joseph
D:8:      layout_loops_cross, special_room [special_room_orc], uniq_psyche
D:9:      layout_basic
D:10:     layout_basic
D:11:     layout_loops_ring, due_lair_maze_entry_diamond, david_orc_1_choice
D:12:     layout_big_octagon
Temple:   dpeg_five_rooms_temple

Skill      XL: |  1  2  3  4  5  6  7  8  9 10 11 12 |
---------------+-------------------------------------+-----
Dodging        | 2 3 4 5 6 7 |  7.1
Poison Magic   | 1 2 |  2.0
Transmutations | 3 4 5 6 7 9 10 | 10.8
Fighting       | 2 3 4 5 6 8 |  8.2
Unarmed Combat | 4 5 6 8 9 10 11 | 11.0
Spellcasting   | 3 4 5 6 7 |  7.3

Action                   |  1- 3 |  4- 6 |  7- 9 | 10-12 || total
-------------------------+-------+-------+-------+-------++-------
Melee: Unarmed           |   125 |   178 |   426 |   414 ||  1143
       Kick              |    13 |     8 |       |       ||    21
       Headbutt          |    11 |     6 |       |       ||    17
       Tailslap          |    11 |    24 |    21 |    38 ||    94
       Punch             |       |     3 |     6 |    13 ||    22
 Cast: Beastly Appendage |    19 |     9 |       |       ||    28
       Spider Form       |     1 |    11 |    36 |       ||    48
       Blade Hands       |       |       |     5 |    53 ||    58
Invok: Sacrifice Drink   |       |       |     1 |       ||     1
       Reject Sacrifices |       |       |     1 |       ||     1
       Sacrifice Artific |       |       |       |     1 ||     1
 Abil: Breathe Acid      |       |       |    30 |    41 ||    71
  Use: Scroll            |     6 |       |    17 |     6 ||    29
       Potion            |       |       |     1 |     1 ||     2
 Stab: Sleeping          |       |       |     2 |       ||     2
       Distracted        |       |       |     1 |       ||     1
Armor: Skin              |    41 |    22 |   100 |   173 ||   336
Dodge: Dodged            |    94 |   100 |   450 |   347 ||   991

Table legend: (Time is in decaauts)
 A = Elapsed time spent in this place.
 B = Non-inter-level travel time spent in this place.
 C = Inter-level travel time spent in this place.
 D = Time resting spent in this place.
 E = Time spent auto-exploring this place.
 F = Levels seen in this place.
 G = Mean time per level.
                   A        B        C        D        E       F      G
               +--------+--------+--------+--------+--------+-----+--------+
         Total |  16120 |  15450 |    670 |    746 |  12151 |  14 | 1151.4 |
       Dungeon |  14995 |  14374 |    621 |    562 |  11534 |  12 | 1249.6 |
        Temple |    237 |    188 |     49 |      0 |    188 |   1 |  237.0 |
        Bailey |    887 |    887 |      0 |    184 |    429 |   1 |  887.0 |
               +--------+--------+--------+--------+--------+-----+--------+

Top non-repeatable levels by time:
     D:2: 2190 daAuts
    D:11: 1778 daAuts
     D:4: 1716 daAuts
     D:5: 1358 daAuts
     D:3: 1222 daAuts
     D:8: 1181 daAuts
     D:6: 1146 daAuts
     D:7: 1121 daAuts
     D:9: 1074 daAuts
     D:1: 1005 daAuts
  Bailey: 887 daAuts
    D:10: 820 daAuts
    D:12: 378 daAuts
  Temple: 237 daAuts
